 Dungeon Crawl Stone Soup version 0.24-a0-479-g9a978d2894 (webtiles) character file.

Game seed: 12276392783611999260

52 DonutEater the Digger (level 3, -5/19 HPs)
             Began as a Gargoyle Earth Elementalist on July 8, 2019.
             Killed from afar by Sigmund (7 damage)
             ... with a puff of flame
             ... on level 2 of the Dungeon.
             The game lasted 00:03:31 (1690 turns).

DonutEater the Digger (Gargoyle Earth Elementalist) Turns: 1690, Time: 00:03:32

Health: -5/19      AC:  5    Str: 11    XL:     3   Next: 85%
Magic:  3/7        EV: 12    Int: 16    God:
Gold:   84         SH:  0    Dex: 10    Spells: 4/8 levels left

rFire    . . .     SeeInvis .   h - +2 dagger (holy)
rCold    . . .     Gourm    .   (no shield)
rNeg     + . .     Faith    .   c - +0 robe
rPois    ∞         Spirit   .   (no helmet)
rElec    +         Reflect  .   (no cloak)
rCorr    .         Harm     .   (no gloves)
MR       .....                  (no boots)
Stlth    ++........             k - amulet of the acrobat
HPRegen  0.06/turn              (no ring)
MPRegen  0.10/turn              (no ring)

@: flying
A: negative energy resistance 1, electricity resistance, unbreathing,
petrification resistance, rot immunity, AC +3
a: no special abilities


You were on level 2 of the Dungeon.
You were not hungry.

You visited 1 branch of the dungeon, and saw 2 of its levels.

You collected 84 gold pieces.

Inventory:

Hand Weapons
 a - a +0 dagger
 h - a +2 dagger of holy wrath (weapon)
 j - a +0 mace
Missiles
 b - 60 stones (quivered)
 l - 2 atropa-tipped darts
Armour
 c - a +0 robe (worn)
Jewellery
 g - an uncursed amulet of magic regeneration {unknown}
 k - an amulet of the acrobat (around neck)
Scrolls
 e - 4 scrolls of identify {unknown}
 f - 2 scrolls of teleportation {unknown}
 i - a scroll of amnesia {unknown}
 m - a scroll of enchant weapon {unknown}
 n - a scroll of magic mapping {unknown}
 o - a scroll of blinking {unknown}
Comestibles
 d - 3 rations
 p - 2 chunks of flesh


   Skills:
 - Level 1.5 Dodging
 - Level 2.1 Stealth
 + Level 3.0 Spellcasting
 + Level 0.4 Conjurations
   Level 0.7 Transmutations
 + Level 4.7 Earth Magic


You had 4 spell levels left.
You knew the following spells:

 Your Spells              Type           Power        Failure   Level  Hunger
a - Sandblast             Erth           ###...       2%          1    #......
b - Stone Arrow           Conj/Erth      ##....       21%         3    ###....

Your spell library contained the following spells:

 Spells                   Type           Power        Failure   Level  Hunger
 Passwall                 Tmut/Erth      ##......     10%         2    ##.....
 Petrify                  Tmut/Erth      ##......     52%         4    #####..
 Lee's Rapid Deconstruct  Erth           ###.......   58%         5    ######.


Dungeon Overview and Level Annotations

Branches:
Dungeon (2/15)

Altars:

Annotations:
D:2 Jessica, Sigmund


Innate Abilities, Weirdness & Mutations

You are resistant to torment.
Your stone body is resilient. (AC +3)
You are immune to poison.
You resist negative energy. (rN+)
You are resistant to electric shocks. (rElec)
You can survive without breathing.
You are immune to petrification.
You are immune to rotting.


Message History

Sigmund hits you from afar with a +3 vampiric scythe!
Ouch! That really hurt!
* * * LOW HITPOINT WARNING * * *
It was a potion of flight.
You feel very buoyant.
You fly up into the air.
Sigmund hits you from afar with a +3 vampiric scythe.
* * * LOW HITPOINT WARNING * * *
Unknown command.
You're too confused!
Unknown command.
You bump into the rock wall.
Jessica mumbles some strange words.
Jessica blinks!
Unknown command.
You're too confused to move!
You feel less confused. Sigmund casts a spell at you.
The puff of flame hits you!
You die...

#.............### ###
.....#####.#....
.#....###....####
....#..#..#..#
...###...###.#
.#..#..#..#..#######
###...###...........
##.#.####.##.#######
.>#.......##.###@.@#
.....#######.##.###.#
.....# #....# ..
.....# ####.# ##
...#.# ##.. ..##.#
### .###.# .###.#
.....#


You could see Sigmund.

Vanquished Creatures
  An ooze (D:2)
  A worm (D:2)
  2 dart slugs
  A leopard gecko (D:2)
  5 bats
  2 giant cockroaches
  5 goblins (D:1)
  7 hobgoblins
  3 kobolds (D:1)
  2 quokkas (D:2)
  3 frilled lizards (D:1)
  3 rats
35 creatures vanquished.

Notes
Turn   | Place    | Note
-------+----------+-------------------------------------------
     0 | D:1      | DonutEater the Gargoyle Earth Elementalist began the quest
                  | for the Orb.
     0 | D:1      | Reached XP level 1. HP: 10/10 MP: 3/3
   256 | D:1      | Reached skill level 4 in Earth Magic
   256 | D:1      | Reached XP level 2. HP: 14/15 MP: 5/5
   634 | D:1      | Reached XP level 3. HP: 13/19 MP: 6/6
  1343 | D:2      | Learned a level 3 spell: Stone Arrow
  1678 | D:2      | Noticed Sigmund
  1682 | D:2      | Noticed Jessica
  1690 | D:2      | Killed from afar by Sigmund

Levels and vault maps discovered:
D:1:      minmay_arrival_widening_spiral_wide, layout_basic,
          serial_park_tiny_pond, minmay_hedge_maze
D:2:      layout_loops_ring, serial_glass, glass_columns_a, glass_columns_a,
          glass_columns_b, glass_columns_a, minmay_strange_pillars,
          due_unseen_surprise, minmay_strange_pillars, minmay_strange_pillars,
          first_ration, uniq_sigmund, uniq_jessica

Skill      XL: |  1  2  3 |
---------------+----------+-----
Earth Magic    | 4 |  4.7
Spellcasting   | 3 |  3.0
Dodging        | |  1.5
Stealth        | |  2.1
Conjurations   | |  0.4
Transmutations | |  0.7

Action                   || total
-------------------------++-------
Melee: Dagger            ||   120
 Cast: Sandblast         ||    10
  Use: Potion            ||     1
 Stab: Sleeping          ||     2
  Eat: Chunk             ||     3
Armor: Robe              ||    31
Dodge: Dodged            ||   115

Table legend:
 A = Non-vault XP
 B = Vault XP
 C = Vault XP percentage of total XP
 D = Non-vault monster count
 E = Vault monster count
 F = Vault count percentage of total count
                 A         B        C        D         E       F
            +---------+---------+-------+---------+---------+-------
      Total |      75 |       0 |   0.0 |      35 |       0 |   0.0
            +---------+---------+-------+---------+---------+-------
        D:1 |      41 |       0 |   0.0 |      23 |       0 |   0.0
        D:2 |      34 |       0 |   0.0 |      12 |       0 |   0.0
            +---------+---------+-------+---------+---------+-------
